 Dungeon Crawl Stone Soup version 0.18.1-50-g88ac8fd (webtiles) character file.

102 Patate the Sneak (level 4, -3/23 HPs)
             Began as a Spriggan Assassin on Oct 23, 2016.
             Slain by an orc warrior
             ... wielding a +3 long sword
              (26 damage)
             ... on level 3 of the Dungeon.
             The game lasted 00:06:12 (2304 turns).

Patate the Sneak (Spriggan Assassin)                Turns: 2304, Time: 00:06:12

Health: -3/23      AC:  3    Str:  7    XL:     4   Next: 49%
Magic:  5/5        EV: 17    Int: 12    God:
Gold:   94         SH:  0    Dex: 23    Spells: 0 memorised, 3 levels left

rFire  . . .     SeeInvis +     a - +2 dagger
rCold  . . .     Gourm    .     c - +0 robe
rNeg   . . .     Faith    .     (shield restricted)
rPois  .         Spirit   .     (helmet restricted)
rElec  .         Dismiss  .     d - +0 cloak
rCorr  .         Reflect  .     (gloves unavailable)
SustAt .         Harm     .     (boots unavailable)
MR     .....                    (no amulet)
Stlth  +++++.....               (no ring)
                                o - +5 ring of dexterity

@: very quick, not resistant to hostile enchantments, quite stealthy
A: unfitting armour, see invisible, herbivore 3, speed 3, slow metabolism 2
a: no special abilities


You were on level 3 of the Dungeon.
You were not hungry.

You visited 1 branch of the dungeon, and saw 3 of its levels.

You collected 94 gold pieces.

Inventory:

Hand Weapons
 a - a +2 dagger (weapon)
 b - a +0 blowgun
Missiles
 e - 27 poisoned needles
 f - 2 curare-tipped needles
Armour
 c - a +0 robe (worn)
 d - a +0 cloak (worn)
Jewellery
 o - a +5 ring of dexterity (left hand)
Scrolls
 h - 2 scrolls of identify {unknown}
 i - a scroll of random uselessness {unknown}
 j - 2 scrolls of fear {unknown}
 k - a scroll of remove curse {unknown}
 m - a scroll of immolation {unknown}
 p - 2 scrolls of teleportation {unknown}
 q - a scroll of recharging {unknown}
Potions
 l - a potion of cancellation {unknown}
 n - 3 potions of might {unknown}
 r - a potion of lignification {unknown}
Comestibles
 g - a bread ration


   Skills:
 + Level 2.2 Fighting
 + Level 3.2 Short Blades
 - Level 2.0 Throwing
 + Level 1.5 Dodging
 * Level 7.6 Stealth


You had 3 spell levels left.
You didn't know any spells.

Dungeon Overview and Level Annotations

Branches:
Dungeon (3/15)

Altars:
Zin


Innate Abilities, Weirdness & Mutations

You are tiny and cannot use many weapons and most armour.
You have supernaturally acute eyesight.
You are a herbivore.
You cover ground extremely quickly.
You need consume almost no food.


Message History

Aim: an orc, wielding a hand axe and wearing a ring mail (lightly wounded, poisoned)
You shoot a poisoned needle. The poisoned needle hits the orc.
The orc is poisoned.
An orc comes into view. It is wielding a dagger.
Firing (i - inventory. (,) - cycle):
e - 28 poisoned needles (quivered)
Press: ? - help, Shift-Dir - straight line, f/p - orc
Aim: an orc, wielding a dagger and wearing a chain mail (moderately wounded, poisoned)
You shoot a poisoned needle. The poisoned needle hits the orc.
The orc looks even sicker.
The orc is moderately wounded.
The orc shouts!
The orc hits you but does no damage.
You climb upwards.
There is a stone staircase leading down here.
a - a +2 dagger (weapon)
You kill the orc!
You climb downwards.
The orc looks more healthy.
The orc warrior hits you with an enchanted long sword!!
Ouch! That really hurt!
You die...

#.#.# #.. ##.#.
#... #........
... ... ...(.#
# #.#(##>#.
....###.o......
.$....o@o....#
##...####.####
... # .


You could see an orc warrior and 2 orcs.

Vanquished Creatures
  Jessica (D:2)
  3 adders
  2 oozes (D:1)
  2 giant geckos (D:1)
  An orc (D:2)
  5 bats (D:1)
  A giant cockroach (D:1)
  4 goblins
  2 hobgoblins (D:1)
  2 jackals (D:1)
  11 kobolds (D:1)
  2 ball pythons
  5 rats
41 creatures vanquished.

Notes
Turn   | Place    | Note
--------------------------------------------------------------
     0 | D:1      | Patate the Spriggan Assassin began the quest for the Orb.
     0 | D:1      | Reached XP level 1. HP: 10/10 MP: 2/2
    45 | D:1      | Reached skill level 6 in Stealth
    75 | D:1      | Reached XP level 2. HP: 14/15 MP: 3/3
   772 | D:1      | Reached XP level 3. HP: 18/18 MP: 4/4
  1104 | D:1      | Reached skill level 7 in Stealth
  1668 | D:2      | Found a glowing silver altar of Zin.
  1957 | D:2      | Noticed Jessica
  1965 | D:2      | Killed Jessica
  1965 | D:2      | Reached XP level 4. HP: 13/23 MP: 5/5
  2295 | D:3      | Noticed an orc warrior
  2304 | D:3      | Slain by an orc warrior

Skill      XL: |  1  2  3 |
---------------+----------+-----
Stealth        | 6 7 |  7.6
Fighting       | 2 |  2.2
Short Blades   | 3 |  3.2
Throwing       | |  2.0
Dodging        | |  1.5

Action                   |  1- 3 |  4- 6 || total
-------------------------+-------+-------++-------
Melee: Dagger            |   114 |     2 ||   116
 Fire: Blowgun           |    16 |     3 ||    19
 Stab: Sleeping          |     9 |     1 ||    10
Armor: Robe              |    16 |       ||    16
Dodge: Dodged            |    95 |       ||    95
